 Dungeon Crawl Stone Soup version 0.22-a0-603-gfc1114d (webtiles) character file.

182 sking99 the Sneak (level 5, -2/24 HPs)
             Began as a Spriggan Enchanter on July 7, 2018.
             Killed from afar by an orc wizard (7 damage)
             ... with a magic dart
             ... on level 3 of the Dungeon.
             The game lasted 00:06:30 (3343 turns).

sking99 the Sneak (Spriggan Enchanter)              Turns: 3343, Time: 00:06:31

Health: -2/24      AC:  4    Str:  4    XL:     5   Next: 34%
Magic:  6/10       EV: 18    Int: 17    God:
Gold:   240        SH:  0    Dex: 17    Spells: 7/10 levels left

rFire    + . .     SeeInvis +   a - +1 dagger
rCold    . . .     Gourm    .   (shield restricted)
rNeg     . . .     Faith    .   h - +1 robe {rF+}
rPois    .         Spirit   .   (helmet restricted)
rElec    .         Reflect  .   p - +0 cloak
rCorr    .         Harm     .   (gloves unavailable)
MR       .....                  (boots unavailable)
Stlth    +++.......             (no amulet)
HPRegen  0.08/turn              (no ring)
MPRegen  0.12/turn              (no ring)

@: very quick
A: very small, unfitting armour, see invisible, herbivore, speed 3, slow
metabolism 2
a: no special abilities


You were on level 3 of the Dungeon.
You were not hungry.

You visited 1 branch of the dungeon, and saw 3 of its levels.

You collected 240 gold pieces.

Inventory:

Hand Weapons
 a - a +1 dagger (weapon)
Armour
 h - a +1 robe of fire resistance (worn)
 p - a +0 cloak (worn)
Jewellery
 o - an uncursed ring of stealth {unknown}
Scrolls
 b - a scroll of immolation {unknown}
 c - 3 scrolls of identify {unknown}
 e - a scroll of enchant weapon {unknown}
 f - 2 scrolls of teleportation {unknown}
 g - 2 scrolls of remove curse {unknown}
 l - a scroll of enchant armour {unknown}
 m - a scroll of random uselessness {unknown}
 q - a scroll of blinking {unknown}
Potions
 i - a potion of curing {unknown}
 j - a potion of degeneration {unknown}
 k - a potion of magic {unknown}
 n - 2 potions of ambrosia {unknown}
 r - a potion of heal wounds {unknown}
Comestibles
 d - 7 rations


   Skills:
 + Level 3.2 Short Blades
 - Level 3.0 Dodging
 + Level 6.5 Stealth
 - Level 3.0 Spellcasting
 + Level 5.1 Hexes


You had 7 spell levels left.
You knew the following spells:

 Your Spells              Type           Power        Failure   Level  Hunger
a - Ensorcelled Hibernat  Hex/Ice        ##....       10%         2    ##.....
t - Corona                Hex            ###....      2%          1    None

Your spell library contained the following spells:

 Spells                   Type           Power        Failure   Level  Hunger
 Confuse                  Hex            ###.....     6%          3    ###....
 Tukima's Dance           Hex            ###.....     6%          3    ###....
 Dazzling Spray           Conj/Hex       ##....       19%         3    ###....


Dungeon Overview and Level Annotations

Branches:
Dungeon (3/15)

Altars:
Hepliaklqana
Xom
Zin


Innate Abilities, Weirdness & Mutations

You are very small and have problems with some larger weapons.
You are too small for most types of armour.
You have supernaturally acute eyesight. (SInv)
You are a herbivore.
You cover ground extremely quickly.
You need to consume almost no food.


Message History

Aiming: Ensorcelled Hibernation (safe; 10% risk of failure)
Press: ? - help, Shift-Dir - straight line, f - orc wizard
Aim: an orc wizard, wielding a dagger and wearing a robe (chance to defeat MR: 42%)
The orc wizard resists with some effort.
The orc wizard hits you with a dagger.
Casting: Ensorcelled Hibernation (safe; 10% risk of failure)
Confirm with . or Enter, or press ? or * to list all spells.
Aiming: Ensorcelled Hibernation (safe; 10% risk of failure)
Press: ? - help, Shift-Dir - straight line, f/p - orc wizard
Aim: an orc wizard, wielding a dagger and wearing a robe (chance to defeat MR: 42%)
The orc wizard resists with some effort.
The orc wizard gestures at you while chanting.
The magic dart hits you! The orc wizard casts a spell at you.
The magic dart hits you!
* * * LOW HITPOINT WARNING * * *
Unknown command.
The orc wizard casts a spell at you. The magic dart hits you!
You die...

# #######
...)..######
.(.........##########
#####..###..........#
##.# #>......##.# #
#.# #.##.)...#.###.#
#.....#.>......oo..#
#######....@.#.##..#
#<#...##.# ..#
#.##...#.# ..#
.)##.#.... ...
#####...### ....
#...# .#### #...# .#
#. .#


You could see 2 orc wizards.

Vanquished Creatures
  Natasha (thrice) (D:2)
  3 adders (D:2)
  2 worms (D:2)
  2 dart slugs (D:1)
  A leopard gecko (D:1)
  6 orcs (D:3)
  4 giant cockroaches
  9 goblins
  4 hobgoblins
  3 jackals (D:1)
  5 kobolds
  3 quokkas
  A ball python (D:1)
  9 bats
  A frilled lizard (D:3)
  8 rats
64 creatures vanquished.

Notes
Turn   | Place    | Note
-------+----------+-------------------------------------------
     0 | D:1      | sking99 the Spriggan Enchanter began the quest for the Orb.
     0 | D:1      | Reached XP level 1. HP: 9/9 MP: 5/5
     2 | D:1      | Noticed a troll
     2 | D:1      | Noticed a minotaur
     6 | D:1      | Noticed an ogre
     6 | D:1      | Noticed a halfling
     8 | D:1      | Noticed a centaur
     8 | D:1      | Noticed a vampire
    10 | D:1      | Noticed a dwarf
    10 | D:1      | Noticed a tengu
    13 | D:1      | Noticed a demigod
    13 | D:1      | Noticed a felid
    15 | D:1      | Noticed a vine stalker
    15 | D:1      | Noticed a demonspawn
    17 | D:1      | Noticed a naga
    19 | D:1      | Noticed an elf
    21 | D:1      | Noticed a gargoyle
    21 | D:1      | Noticed a spriggan
    23 | D:1      | Noticed a ghoul
    23 | D:1      | Noticed an octopode
    25 | D:1      | Noticed a draconian
    25 | D:1      | Noticed a formicid
    27 | D:1      | Noticed a human
    27 | D:1      | Noticed a merfolk
   296 | D:1      | Reached XP level 2. HP: 13/13 MP: 6/6
   303 | D:1      | Learned a level 2 spell: Ensorcelled Hibernation
   754 | D:1      | Reached skill level 5 in Stealth
  1217 | D:2      | Reached XP level 3. HP: 16/16 MP: 5/8
  1366 | D:2      | Noticed Natasha
  1376 | D:2      | Killed Natasha
  1609 | D:2      | Noticed Natasha
  1620 | D:2      | Killed Natasha
  1620 | D:2      | Reached XP level 4. HP: 17/21 MP: 5/9
  1647 | D:2      | Noticed Natasha
  1653 | D:2      | Killed Natasha
  1653 | D:2      | Reached skill level 6 in Stealth
  1898 | D:2      | Noticed a centaur
  1898 | D:2      | Noticed a hippogriff
  2092 | D:2      | Found a glowing silver altar of Zin.
  2092 | D:2      | Noticed an angel
  2221 | D:2      | Reached XP level 5. HP: 24/24 MP: 7/10
  2407 | D:2      | Found a hazy altar of Hepliaklqana.
  2408 | D:2      | Found a shimmering altar of Xom.
  2408 | D:2      | Noticed an unseen horror
  2409 | D:2      | Noticed an unseen horror
  2409 | D:2      | Noticed a spectral ugly thing
  2489 | D:2      | Reached skill level 5 in Hexes
  3343 | D:3      | Killed from afar by an orc wizard

Vault maps used:
D:1:      kb_arrival_jail
D:2:      regret_index_temple_of_mockery, zin_angel, first_ration,
          hangedman_decor_peaks_small, lightli_corner_chamber, uniq_natasha

Skill      XL: |  1  2  3  4  5 |
---------------+----------------+-----
Spellcasting   | 3 |  3.0
Hexes          | 4 5 |  5.1
Stealth        | 5 6 |  6.5
Short Blades   | 2 3 |  3.2
Dodging        | |  3.0

Action                   |  1- 3 |  4- 6 || total
-------------------------+-------+-------++-------
Melee: Dagger            |    58 |    90 ||   148
 Cast: Corona            |     1 |       ||     1
       Ensorcelled Hiber |    23 |    38 ||    61
 Stab: Sleeping          |    20 |    24 ||    44
  Eat: Ration            |       |     2 ||     2
Armor: Robe              |     6 |    10 ||    16
Dodge: Dodged            |    63 |    72 ||   135

Table legend:
 A = Spawn XP
 B = Non-spawn XP
 C = Spawn XP percentage of total XP
 D = Spawn monster count
 E = Non-spawn monster count
 F = Spawn count percentage of total count
 G = Total turns spent on level
                    A         B        C        D         E        F      G
               +---------+---------+-------+---------+---------+-------+---------
         Total |       0 |     260 |   0.0 |       0 |      64 |   0.0 |  3343
               +---------+---------+-------+---------+---------+-------+---------
           D:1 |       0 |      35 |   0.0 |       0 |      19 |   0.0 |  1177
           D:2 |       0 |     190 |   0.0 |       0 |      29 |   0.0 |  1521
           D:3 |       0 |      35 |   0.0 |       0 |      16 |   0.0 |   645
               +---------+---------+-------+---------+---------+-------+---------
